 Dungeon Crawl Stone Soup version 0.28.0-1-gb440e238dd (webtiles) character file.

Game seed: 4356510377371536865

127169 tikhun the Cleaver (level 17, -2/204 HPs)
             Began as a Gnoll Cinder Acolyte on Feb 23, 2022.
             Was an Initiate of Gozag.
             Slain by a hornet (11 damage)
             ... created by a shambling mangrove
             ... while paralysed by a hornet
             ... on level 1 of the Swamp on Feb 26, 2022.
             The game lasted 03:52:20 (34445 turns).

tikhun the Cleaver (Gnoll Cinder Acolyte)          Turns: 34445, Time: 03:52:20

Health: -2/204     AC: 22    Str: 20    XL:     17   Next: 0%
Magic:  29/32      EV: -1    Int: 18    God:    Gozag
Gold:   1019       SH:  0    Dex: 14    Spells: 11/39 levels left

rFire   . . .      SeeInvis .   I - +8 flail "Laysteapn" {vorpal, Will+}
rCold   + . .      Faith    .   n - +3 kite shield {rC+}
rNeg    . . .      Spirit   .   w - +1 ring mail of the Tomato {+Blink rElec Will++}
rPois   +          Reflect  .   i - +2 helmet {Int+3}
rElec   +          Harm     .   q - +2 cloak
rCorr   .          Rampage  .   t - +2 pair of gloves
Will    ++++.                   L - +2 pair of boots
Stlth   ..........              l - amulet of regeneration
HPRegen 1.24/turn               m - ring of poison resistance
MPRegen 0.23/turn               U - +6 ring of strength

@: paralysed, berserking, lethally poisoned (-2 -> -3), grasped by roots,
slowed, constricted
A: fangs 1, strong nose, distributed training
a: Renounce Religion, Evoke Blink, Potion Petition, Call Merchant, Bribe Branch


You were on level 1 of the Swamp.
You worshipped Gozag.
Gozag was most pleased with you.
You visited 5 branches of the dungeon, and saw 25 of its levels.
You visited 1 bazaar.
You also visited: Ice Cave.

You collected 8273 gold pieces.
You spent 4620 gold pieces at shops.
You paid 2634 gold pieces to Gozag.

Inventory:

Hand Weapons
 a - a +1 vampiric demon trident
 s - the +7 war axe of Amorality {antimagic, rCorr Dex+3}
   (You bought it in a shop on level 2 of the Orcish Mines)

   It reduces the magical energy of the wielder, and disrupts the spells and
   magical abilities of those it strikes.
   Natural abilities and divine invocations are not affected.
   Dex:       It affects your dexterity (+3).
   rCorr:     It protects you from acid and corrosion.
 I - the +8 flail "Laysteapn" (weapon) {vorpal, Will+}
   (You bought it in a shop on level 5 of the Dungeon)

   It inflicts extra damage upon your enemies.
   Will:      It increases your willpower.
 V - the +8 hunting sling of Xoafass {flame, rPois rCorr Str-2 Int+5}
   (You found it on level 3 of the Lair of Beasts)

   Any ammunition fired from it burns those it strikes, dealing additional fire
   damage.
   Str:       It affects your strength (-2).
   Int:       It affects your intelligence (+5).
   rPois:     It protects you from poison.
   rCorr:     It protects you from acid and corrosion.
Armour
 i - a +2 helmet of intelligence (worn)
 n - a +3 kite shield of cold resistance (worn)
 q - a +2 cloak (worn)
 t - a +2 pair of gloves (worn)
 w - the +1 ring mail of the Tomato (worn) {+Blink rElec Will++}
   (You bought it in a shop on level 6 of the Lair of Beasts)

   rElec:     It insulates you from electricity.
   +Blink:    It lets you blink.
   Will:      It greatly increases your willpower.
 L - a +2 pair of boots (worn)
Jewellery
 d - the ring "Qugaus" {rN+ Dex+3}
   (You found it in an ice cave)

   [ring of positive energy]

   Dex:       It affects your dexterity (+3).
   rN:        It protects you from negative energy.
 e - a ring of resist corrosion
 l - an amulet of regeneration (around neck)
 m - a ring of poison resistance (left hand)
 y - a ring of willpower
 J - a ring of see invisible
 K - a ring of flight
 T - a +4 ring of protection
 U - a +6 ring of strength (right hand)
Wands
 g - a wand of charming (2)
 u - a wand of mindburst (11)
 P - a wand of flame (39)
 W - a wand of iceblast (15)
 Y - a wand of acid (4)
Scrolls
 b - 2 scrolls of brand weapon
 c - 2 scrolls of magic mapping
 r - a scroll of silence
 x - a scroll of fog
 A - a scroll of identify
 C - 3 scrolls of enchant armour
 D - 12 scrolls of teleportation
 E - a scroll of enchant weapon
 G - 3 scrolls of amnesia
 H - a scroll of torment
 X - 6 scrolls of fear
Potions
 h - 2 potions of brilliance
 j - 11 potions of curing
 o - 5 potions of cancellation
 p - a potion of resistance
 B - 2 potions of haste
 F - 6 potions of magic
 M - a potion of might
 N - 3 potions of invisibility
 Q - 4 potions of flight
 R - a potion of berserk rage
 Z - 3 potions of heal wounds
Miscellaneous
 f - a condenser vane
 k - a phantom mirror
 z - a box of beasts


   Skills:
 + Level 13.0 Fighting
 + Level 11.3 Short Blades
 + Level 11.3 Long Blades
 + Level 13.0 Axes
 + Level 11.3 Maces & Flails
 + Level 11.3 Polearms
 + Level 11.3 Staves
 + Level 11.3 Slings
 + Level 11.3 Bows
 + Level 11.3 Crossbows
 + Level 11.3 Throwing
 + Level 11.3 Armour
 + Level 11.3 Dodging
 + Level 11.3 Stealth
 + Level 11.3 Shields
 + Level 11.3 Unarmed Combat
 + Level 11.7 Spellcasting
 + Level 9.5 Conjurations
 + Level 9.5 Hexes
 + Level 9.5 Summonings
 + Level 9.5 Necromancy
 + Level 9.5 Translocations
 + Level 9.5 Transmutations
 + Level 11.0 Fire Magic
 + Level 9.5 Ice Magic
 + Level 9.5 Air Magic
 + Level 9.5 Earth Magic
 + Level 9.5 Poison Magic
 + Level 12.3 Invocations
 + Level 11.3 Evocations


You had 11 spell levels left.
You knew the following spells:

 Your Spells              Type           Power      Damage    Failure   Level
a - Scorch                Fire           100%       2d10      1%          2
b - Poisonous Vapours     Pois/Air       90%        N/A       1%          2
c - Stone Arrow           Conj/Erth      90%        3d12      1%          3
d - Call Canine Familiar  Summ           45%        N/A       1%          3
e - Olgreb's Toxic Radia  Pois           45%        N/A       4%          4
f - Silence               Hex/Air        22%        N/A       12%         5
g - Leda's Liquefaction   Hex/Erth       22%        N/A       4%          4
h - Lee's Rapid Deconstr  Erth           22%        3d14*     12%         5

Your spell library contained the following spells:

 Spells                   Type           Power      Damage    Failure   Level
 Shock                    Conj/Air       100%       1d9       1%          1
 Sting                    Tmut/Pois      100%       1d8       1%          1
 Summon Small Mammal      Summ           100%       N/A       1%          1
 Ensorcelled Hibernation  Hex/Ice        90%        N/A       1%          2
 Static Discharge         Conj/Air       45%        N/A       1%          2
 Conjure Flame            Conj/Fire      47%        6-21      1%          3
 Dazzling Flash           Conj/Hex       90%        N/A       1%          3
 Ignite Poison            Fire/Tmut/Pois 46%        N/A       1%          3
 Portal Projectile        Hex/Tloc       90%        N/A       1%          3
 Summon Guardian Golem    Hex/Summ       45%        N/A       1%          3
 Tukima's Dance           Hex            45%        N/A       1%          3
 Sticky Flame             Conj/Fire      47%        2d6       3%          4
 Airstrike                Air            22%        N/A       4%          4
 Animate Armour           Summ/Erth      90%        N/A       4%          4
 Dispel Undead            Necr           45%        3d17      4%          4
 Fulminant Prism          Conj/Hex       22%        3d13      4%          4
 Hailstorm                Conj/Ice       45%        3d10      4%          4
 Iskenderun's Mystic Bla  Conj/Tloc      45%        2d10      4%          4
 Passage of Golubria      Tloc           45%        N/A       4%          4
 Summon Ice Beast         Ice/Summ       45%        N/A       4%          4
 Agony                    Necr           45%        N/A       12%         5
 Freezing Cloud           Conj/Ice/Air   22%        6-21      12%         5
 Metabolic Englaciation   Hex/Ice        22%        N/A       12%         5
 Yara's Violent Unravell  Hex/Tmut       22%        3d10      12%         5
 Ozocubu's Refrigeration  Ice            22%        4d9       98%         7
 Ignition                 Fire           25%        3d8       100%        8
 Lehudib's Crystal Spear  Conj/Erth      22%        10d6      100%        8


Dungeon Overview and Level Annotations

Branches:
Dungeon (15/15)            Temple (1/1) D:7            Lair (6/6) D:11
  Swamp (1/4) Lair:4       Spider (0/4) Lair:2        Slime (0/5) Lair:6
    Orc (2/2) D:12            Elf (0/3) Orc:2        Vaults (0/5) D:13
 Depths (0/4) D:15          IceCv (visited)

Altars:
Ashenzari
Cheibriados
Dithmenos
Elyvilon
Fedhas
Gozag
Hepliaklqana
Kikubaaqudgha
Makhleb
Nemelex Xobeh
Okawaru
Qazlal
Ru
Sif Muna
Trog
Uskayaw
Vehumet
Wu Jian
Xom
Yredelemnul
Zin
The Shining One
Beogh
Lugonu

Shops:
D:1 [   D:3 (   D:5 (([   Orc:2 [*(![!   Lair:6 [

Portals:
Abyss: Lair:6
Trove: D:14 (give +4 demon trident)

Annotations:
D:12 small vault that I need to dig in
Lair:4 2 transporters, Aricsoirch's ghost, journeyman GrFi


Innate Abilities, Weirdness & Mutations

You have very sharp teeth.
Your uncanny sense of smell can sniff out nearby items.
Your experience applies equally to all skills.


Message History

Purchase which effect?
You feel much better.
You feel better.
A red film seems to cover your vision as you go berserk!
You feel yourself moving faster!
You feel mighty! The hornet stings you! You block the hornet's attack.
The hornet barely misses you.
The spriggan rider hits you but does no damage.
The hornet barely misses you.
You hit the shambling mangrove.
You bite the shambling mangrove, but do no damage.
The shambling mangrove is almost destroyed.
You block the hornet's attack. The hornet stings you!
You are poisoned.
You feel yourself slow down. The shambling mangrove hits you!
The grasping roots constrict you!
* * * LOW HITPOINT WARNING * * *
The hornet stings you.
* * * LOW HITPOINT WARNING * * *
You suddenly lose the ability to move!
The spriggan rider hits you from afar with a +0 spear!
* * * LOW HITPOINT WARNING * * *
You feel very sick.
The hornet stings you but does no damage.
The hornet stings you!
* * * LOW HITPOINT WARNING * * *
You feel as though you will be slow longer.
The hornet stings you but does no damage. x2
The hornet stings you.
* * * LOW HITPOINT WARNING * * *
The shambling mangrove hits you.
* * * LOW HITPOINT WARNING * * *
The grasping roots constrict you!
* * * LOW HITPOINT WARNING * * *
The spriggan rider hits you from afar with a +0 spear.
* * * LOW HITPOINT WARNING * * *
You feel very sick.
The swamp worm looks more healthy.
The hornet stings you but does no damage.
The hornet stings you!
You die...
Your body crumbles into a pile of gold.

♣ ♣....§ ♣♣♣ ♣§♣♣. ..♣♣♣
♣♣♣♣♣♣♣♣♣♣♣
≈≈..♣♣♣♣♣≈..≈♣♣≈.≈♣♣♣ ≈
≈≈♣.≈♣≈.≈≈≈≈≈≈♣≈.≈≈≈♣♣≈.
.≈≈...≈≈≈≈≈≈.≈≈≈≈≈≈≈≈.≈♣
≈≈≈.≈.≈≈≈≈≈≈≈≈≈≈≈≈i≈≈≈≈≈
≈....≈≈≈...≈≈≈≈.yf≈≈≈.§.
≈.≈.≈≈≈≈≈≈≈≈≈≈≈.@yw≈.≈.≈
≈≈≈..≈♣≈≈≈≈≈≈≈≈≈≈y≈≈.≈..
.≈..≈♣♣♣♣≈...♣≈≈≈♣♣≈≈♣.≈
≈≈.≈≈♣♣♣♣♣♣♣♣♣♣♣♣♣♣ ♣...
♣≈.≈..♣♣≈..♣♣≈.♣♣.♣ ≈§
≈≈≈.≈≈..........≈.. .
≈≈.♣♣.>.....(≈≈...♣ ∆
≈.♣♣♣♣..♣♣♣...♣..♣≈ ≈.♣
♣.♣♣♣♣...♣♣≈≈


You could see a shambling mangrove, a spriggan rider (poisoned), a swamp worm
and 3 hornets.

Vanquished Creatures
  Kirke (D:14)
  An orc warlord (Orc:1)
  A juggernaut zombie (D:15)
  An eleionoma (Swamp:1)
  The ghost of Kotami the Carver, a journeyman OpFi of Dithmenos (Lair:2)
  6 hydras
  An ogre mage (D:15)
  5 boulder beetles
  Erolcha (Orc:2)
  A vault guard (D:13)
  2 catoblepae
  5 centaur warriors
  6 two-headed ogres
  An alligator (Swamp:1)
  A tengu warrior (D:14)
  17 death yaks
  Urug (Orc:2)
  Nergalle (Lair:3)
  4 orc high priests (Orc:2)
  Sonja (Orc:2)
  2 thrashing horrors (Lair:6)
  10 skeletal warriors
  A goliath frog (Swamp:1)
  A spriggan druid (Swamp:1)
  A flayed ghost (D:15)
  A wizard (D:14)
  3 orc knights (Orc:1)
  A tengu zombie (D:15)
  A bog body (Swamp:1)
  2 necromancers
  3 cyclopes
  2 deep elf pyromancers
  A wolf spider (Lair:1)
  3 manticores
  22 ugly things
  5 orc sorcerers
  An ice statue (IceCv)
  22 elephants
  A black mamba (shapeshifter) (Lair:6)
  5 black mambas
  An eye of devastation (Lair:6)
  A torpor snail (Lair:6)
  A gargoyle (D:12)
  2 unseen horrors
  A cane toad (shapeshifter) (D:15)
  Maggie (D:6)
  A large abomination (Lair:6)
  8 cane toads
  7 rime drakes
  4 entropy weaver simulacra (IceCv)
  A yaktaur (shapeshifter) (Lair:6)
  12 ice devils (IceCv)
  7 komodo dragons
  A tengu conjurer (D:14)
  An efreet (D:15)
  2 ancient zymes (Lair:6)
  5 freezing wraiths
  3 meliai (D:15)
  2 hornets
  7 trolls
  A tyrant leech (Swamp:1)
  4 polar bears
  A blink frog (shapeshifter) (D:15)
  6 slime creatures (D:12)
  A snapping turtle (shapeshifter) (Lair:6)
  17 blink frogs
  6 dream sheep (Lair:4)
  7 wyverns
  A spriggan skeleton (D:15)
  11 small abominations (Lair:6)
  A shadow (D:10)
  2 ynoxinuls (Lair:6)
  A wraith (D:9)
  4 hogs (D:14)
  43 yaks
  4 spriggans
  12 basilisks
  2 basilisks (shapeshifter) (D:13)
  5 death yak simulacra (IceCv)
  A steam dragon (D:10)
  6 fire elementals
  17 vampire mosquitoes
  2 harpy simulacra (IceCv)
  2 swamp worms (Swamp:1)
  2 acid dragons
  4 wargs (Orc:1)
  A human zombie (D:15)
  20 water moccasins
  Duvessa (D:4)
  A floating eye (Lair:6)
  A swamp drake (Swamp:1)
  2 ice beasts
  34 orc warriors
  2 black bears
  An ogre (shapeshifter) (Lair:6)
  18 wolves
  14 ogres
  6 centaurs
  A phantom (D:6)
  14 bullfrogs
  A two-headed ogre simulacrum (IceCv)
  5 scorpions
  3 cane toad simulacra (IceCv)
  2 water moccasin zombies (D:5)
  Dowan (D:4)
  5 elephant simulacra
  2 rime drake simulacra (Lair:2)
  3 wights (D:7)
  14 electric eels
  2 howler monkeys
  A bullfrog zombie (D:7)
  A komodo dragon simulacrum (Lair:2)
  8 jellies
  A hound (D:6)
  3 centaur zombies
  24 orc priests
  A centaur skeleton (D:5)
  A bullfrog skeleton (D:4)
  An iguana (D:7)
  Natasha (thrice) (D:3)
  27 orc wizards
  A troll simulacrum (IceCv)
  A yak simulacrum (Lair:2)
  5 wolf simulacra (IceCv)
  3 polar bear simulacra (IceCv)
  A bullfrog simulacrum (Lair:2)
  A hound zombie (D:5)
  A howler monkey zombie (D:9)
  4 gnolls (D:5)
  A naga simulacrum (IceCv)
  5 adders
  A howler monkey skeleton (D:7)
  4 white imps
  3 ufetubi
  2 worms
  9 dart slugs (D:7)
  122 orcs
  19 endoplasms
  5 giant cockroaches
  6 hobgoblins
  4 jackals
  10 kobolds
  2 quokkas
  7 ball pythons
  6 bats
  7 frilled lizards
  6 goblins
  A quokka skeleton (D:4)
  8 rats
847 creatures vanquished.

Vanquished Creatures (collateral kills)
  A stone giant (D:9)
  A hydra (Lair:5)
  A thrashing horror (Lair:6)
  An ugly thing (Lair:6)
  A large abomination (Lair:6)
  A cane toad (Lair:5)
  An ancient zyme (Lair:6)
  A freezing wraith (D:9)
  A troll (D:9)
  An orc priest (Orc:2)
  2 orc wizards (Orc:2)
  An orc (Orc:2)
13 creatures vanquished.

Vanquished Creatures (others)
  A hydra (Lair:4)
  2 bloated husks (Swamp:1)
  A spriggan (Swamp:1)
  A swamp worm (Swamp:1)
  A wolf (Lair:4)
  2 orc wizards (Orc:2)
  23 foxfires
  60 fungi
  60 plants
  8 toadstools (D:2)
  4 withered plants (D:15)
163 creatures vanquished.

Grand Total: 1023 creatures vanquished

Notes
Turn   | Place    | Note
-------+----------+-------------------------------------------
     0 | D:1      | tikhun the Gnoll Cinder Acolyte began the quest for the
                  | Orb.
     0 | D:1      | Reached XP level 1. HP: 23/23 MP: 4/4
   184 | D:1      | Found a faded altar of an unknown god.
   263 | D:1      | Found Haigh's Armour Shop.
   299 | D:1      | Reached XP level 2. HP: 29/29 MP: 5/5
   302 | D:1      | Learned a level 2 spell: Scorch
  1090 | D:2      | Reached XP level 3. HP: 26/35 MP: 7/7
  1450 | D:2      | Reached skill level 1 in Invocations
  1867 | D:2      | Reached skill level 1 in Short Blades
  1867 | D:2      | Reached skill level 1 in Long Blades
  1867 | D:2      | Reached skill level 1 in Maces & Flails
  1867 | D:2      | Reached skill level 1 in Polearms
  1867 | D:2      | Reached skill level 1 in Staves
  1867 | D:2      | Reached skill level 1 in Slings
  1867 | D:2      | Reached skill level 1 in Bows
  1867 | D:2      | Reached skill level 1 in Crossbows
  1867 | D:2      | Reached skill level 1 in Throwing
  1867 | D:2      | Reached skill level 1 in Armour
  1867 | D:2      | Reached skill level 1 in Dodging
  1867 | D:2      | Reached skill level 1 in Stealth
  1867 | D:2      | Reached skill level 1 in Shields
  1867 | D:2      | Reached skill level 1 in Unarmed Combat
  1867 | D:2      | Reached skill level 1 in Evocations
  2202 | D:2      | Reached XP level 4. HP: 40/41 MP: 1/8
  2752 | D:2      | Reached skill level 1 in Conjurations
  2752 | D:2      | Reached skill level 1 in Hexes
  2752 | D:2      | Reached skill level 1 in Summonings
  2752 | D:2      | Reached skill level 1 in Necromancy
  2752 | D:2      | Reached skill level 1 in Translocations
  2752 | D:2      | Reached skill level 1 in Transmutations
  2752 | D:2      | Reached skill level 1 in Ice Magic
  2752 | D:2      | Reached skill level 1 in Air Magic
  2752 | D:2      | Reached skill level 1 in Earth Magic
  2752 | D:2      | Reached skill level 1 in Poison Magic
  2759 | D:2      | Reached XP level 5. HP: 24/47 MP: 0/9
  3061 | D:1      | Bought a +0 cloak for 63 gold pieces
  3347 | D:3      | Found Pumoad's Antique Weapon Shop.
  3489 | D:3      | Found an ancient bone altar of Kikubaaqudgha.
  3609 | D:3      | Reached XP level 6. HP: 38/53 MP: 9/11
  3967 | D:3      | Noticed Natasha
  3970 | D:3      | Killed Natasha
  4045 | D:4      | Noticed Duvessa
  4045 | D:4      | Noticed Dowan
  4126 | D:3      | Noticed Natasha
  4130 | D:3      | Killed Natasha
  4184 | D:3      | Noticed Natasha
  4191 | D:3      | Killed Natasha
  4343 | D:4      | Reached XP level 7. HP: 49/59 MP: 12/12
  4480 | D:4      | Killed Dowan
  4487 | D:4      | Killed Duvessa
  4805 | D:5      | Entered Level 5 of the Dungeon
  4805 | D:5      | Found Koapn's Armour Shoppe.
  4805 | D:5      | Found Hypnumpi's Weapon Shop.
  4825 | D:5      | Bought a +0 helmet for 49 gold pieces
  4831 | D:5      | Found Ugeseem's Weapon Shop.
  5220 | D:5      | Reached XP level 8. HP: 59/67 MP: 9/14
  6293 | D:6      | Noticed Maggie
  6312 | D:6      | Killed Maggie
  6313 | D:6      | Reached XP level 9. HP: 33/73 MP: 1/16
  6630 | D:6      | Reached skill level 5 in Spellcasting
  7313 | D:7      | Found a staircase to the Ecumenical Temple.
  7336 | D:7      | Found an opulent altar of Gozag.
  7602 | D:7      | Reached skill level 5 in Invocations
  8135 | D:8      | Noticed a hornet
  8147 | D:8      | Killed a hornet
  8148 | D:8      | Reached XP level 10. HP: 80/80 MP: 18/18
  9057 | D:9      | Reached skill level 5 in Short Blades
  9057 | D:9      | Reached skill level 5 in Long Blades
  9057 | D:9      | Reached skill level 5 in Maces & Flails
  9057 | D:9      | Reached skill level 5 in Polearms
  9057 | D:9      | Reached skill level 5 in Staves
  9057 | D:9      | Reached skill level 5 in Slings
  9057 | D:9      | Reached skill level 5 in Bows
  9057 | D:9      | Reached skill level 5 in Crossbows
  9057 | D:9      | Reached skill level 5 in Throwing
  9057 | D:9      | Reached skill level 5 in Armour
  9057 | D:9      | Reached skill level 5 in Dodging
  9057 | D:9      | Reached skill level 5 in Stealth
  9057 | D:9      | Reached skill level 5 in Shields
  9057 | D:9      | Reached skill level 5 in Unarmed Combat
  9057 | D:9      | Reached skill level 5 in Evocations
  9479 | D:9      | Found a runed translucent door.
  9514 | D:9      | Noticed a stone giant
  9770 | D:9      | Found a basalt altar of Yredelemnul.
 10287 | D:9      | Killed a stone giant
 10288 | D:9      | Reached XP level 11. HP: 79/87 MP: 20/20
 10390 | D:10     | Entered Level 10 of the Dungeon
 10847 | D:10     | Identified a scroll of acquirement
 10847 | D:10     | Acquired 672 gold pieces
 10891 | D:10     | Reached skill level 5 in Conjurations
 10891 | D:10     | Reached skill level 5 in Hexes
 10891 | D:10     | Reached skill level 5 in Summonings
 10891 | D:10     | Reached skill level 5 in Necromancy
 10891 | D:10     | Reached skill level 5 in Translocations
 10891 | D:10     | Reached skill level 5 in Transmutations
 10891 | D:10     | Reached skill level 5 in Ice Magic
 10891 | D:10     | Reached skill level 5 in Air Magic
 10891 | D:10     | Reached skill level 5 in Earth Magic
 10891 | D:10     | Reached skill level 5 in Poison Magic
 10957 | D:10     | Noticed a two-headed ogre
 10970 | D:10     | Killed a two-headed ogre
 11755 | D:11     | Noticed a two-headed ogre
 11779 | D:11     | Killed a two-headed ogre
 11884 | D:11     | Got Renow Copp's Papyrus of Weightlessness
 12112 | D:11     | Noticed a death yak
 12115 | D:11     | Identified the +7 whip "Stringbean" {drain, rElec rC+ Will+
                  | Str-3}
 12115 | D:11     | Noticed a death yak
 12115 | D:11     | Noticed a death yak
 12116 | D:11     | Found a staircase to the Lair.
 12116 | D:11     | Noticed a death yak
 12116 | D:11     | Noticed a cyan ugly thing
 12116 | D:11     | Noticed a death yak
 12120 | D:11     | Noticed a death yak
 12128 | D:11     | Noticed a death yak
 12158 | D:11     | Killed a death yak
 12168 | D:11     | Killed a death yak
 12199 | D:11     | Killed a cyan ugly thing
 12259 | D:11     | Killed a death yak
 12277 | D:10     | Killed a death yak
 12428 | D:9      | Killed a death yak
 12429 | D:9      | Reached XP level 12. HP: 52/96 MP: 7/23
 12536 | D:10     | HP: 3/96 [death yak (21)]
 12566 | D:10     | Killed a death yak
 12666 | D:11     | Killed a death yak
 12779 | D:11     | Found a hazy altar of Hepliaklqana.
 13240 | Lair:1   | Entered Level 1 of the Lair of Beasts
 14147 | Lair:2   | Found a runed translucent gate.
 14147 | Lair:2   | Found a runed translucent gate.
 14160 | Lair:2   | Found a runed translucent gate.
 14194 | Lair:2   | Noticed a seven-headed hydra
 14208 | Lair:2   | Noticed Kotami's ghost (journeyman OpFi)
 14647 | D:5      | Bought the +8 flail "Laysteapn" {vorpal, Will+} for 867
                  | gold pieces
 14884 | Lair:2   | Noticed a boulder beetle
 14888 | Lair:2   | Reached skill level 10 in Fighting
 14888 | Lair:2   | Reached skill level 10 in Axes
 14888 | Lair:2   | Noticed a boulder beetle
 14953 | Lair:2   | Killed a boulder beetle
 14955 | Lair:2   | Killed a boulder beetle
 15014 | Lair:2   | Found a hole to the Spider Nest.
 15221 | Temple   | Entered the Ecumenical Temple
 15547 | D:7      | Fell from the grace of Ignis
 15547 | D:7      | Became a worshipper of Gozag Ym Sagoz the Greedy
 16012 | Lair:2   | You fall into a shaft and drop 2 floors!
 16016 | Lair:4   | Noticed a catoblepas
 16026 | Lair:4   | Noticed a five-headed hydra
 16237 | Lair:3   | Noticed a six-headed hydra
 16238 | Lair:3   | Found a gate leading to a gauntlet.
 16269 | Lair:3   | Killed a six-headed hydra
 16329 | Lair:3   | Noticed a catoblepas
 16550 | Lair:2   | Reached XP level 13. HP: 93/103 MP: 25/25
 16681 | Lair:2   | You fall into a shaft and drop 2 floors!
 16835 | Lair:4   | Found a transporter.
 16845 | Lair:4   | Found a transporter.
 16891 | Lair:3   | Noticed Nergalle
 17268 | Lair:2   | Learned a level 2 spell: Poisonous Vapours
 17272 | Lair:2   | Learned a level 3 spell: Stone Arrow
 17276 | Lair:2   | Learned a level 3 spell: Call Canine Familiar
 17314 | Lair:2   | Killed Kotami's ghost
 17377 | Lair:2   | Got the ring of Secrets {Fire Str-2 Int-3 Dex+5}
 17545 | Lair:3   | Identified the +8 hunting sling of Xoafass {flame, rPois
                  | rCorr Str-2 Int+5}
 18040 | Lair:3   | You fall into a shaft and drop 2 floors!
 18040 | Lair:5   | Was forgiven by Ignis
 18297 | Lair:4   | Noticed Aricsoirch's ghost (journeyman GrFi)
 18547 | Lair:4   | Found a staircase to the Swamp.
 18962 | Lair:3   | Killed Nergalle
 20303 | Lair:5   | Reached XP level 14. HP: 113/113 MP: 11/27
 21149 | Lair:5   | Reached skill level 10 in Invocations
 21618 | Lair:6   | Entered Level 6 of the Lair of Beasts
 22327 | Lair:6   | Reached skill level 10 in Spellcasting
 22397 | Lair:6   | Bought the +1 ring mail of the Tomato {+Blink rElec Will++}
                  | for 614 gold pieces
 22653 | Lair:6   | Found a staircase to the Slime Pits.
 22659 | Lair:6   | Paralysed by a floating eye for 3 turns
 22979 | Lair:6   | Reached XP level 15. HP: 62/120 MP: 29/29
 23598 | Lair:6   | Reached skill level 10 in Fire Magic
 23998 | Lair:6   | Found a corrupted altar of Lugonu.
 23998 | Lair:6   | Found a one-way gate to the infinite horrors of the Abyss.
 24735 | D:12     | Reached skill level 10 in Short Blades
 24735 | D:12     | Reached skill level 10 in Long Blades
 24735 | D:12     | Reached skill level 10 in Maces & Flails
 24735 | D:12     | Reached skill level 10 in Polearms
 24735 | D:12     | Reached skill level 10 in Staves
 24735 | D:12     | Reached skill level 10 in Slings
 24735 | D:12     | Reached skill level 10 in Bows
 24735 | D:12     | Reached skill level 10 in Crossbows
 24735 | D:12     | Reached skill level 10 in Throwing
 24735 | D:12     | Reached skill level 10 in Armour
 24735 | D:12     | Reached skill level 10 in Dodging
 24735 | D:12     | Reached skill level 10 in Stealth
 24735 | D:12     | Reached skill level 10 in Shields
 24735 | D:12     | Reached skill level 10 in Unarmed Combat
 24735 | D:12     | Reached skill level 10 in Evocations
 24868 | D:12     | Learned a level 4 spell: Olgreb's Toxic Radiance
 25192 | D:12     | Found a staircase to the Orcish Mines.
 26360 | D:13     | Found a gate to the Vaults.
 27639 | D:14     | You fall into a shaft and drop 1 floor!
 27639 | D:15     | Entered Level 15 of the Dungeon
 27663 | D:15     | Found a staircase to the Depths.
 27803 | D:14     | Found Pomucyba's CLEARANCE SALE!.
 27830 | D:14     | Noticed Kirke
 27857 | D:14     | Killed Kirke
 28001 | D:14     | Learned a level 5 spell: Silence
 28006 | D:14     | Learned a level 4 spell: Leda's Liquefaction
 28156 | D:14     | Found a portal to a secret trove of treasure.
 28511 | D:14     | Reached XP level 16. HP: 79/128 MP: 8/30
 30687 | Orc:1    | Entered Level 1 of the Orcish Mines
 31106 | Orc:1    | Found a frozen archway.
 31116 | IceCv    | Entered an ice cave
 31389 | IceCv    | Learned a level 5 spell: Lee's Rapid Deconstruction
 31749 | IceCv    | Identified the ring "Qugaus" {rN+ Dex+3}
 31838 | IceCv    | Found an ancient bone altar of Kikubaaqudgha.
 31966 | IceCv    | Got the Tome of the Glacier
 32332 | Orc:2    | Entered Level 2 of the Orcish Mines
 32332 | Orc:2    | Noticed Sonja
 32337 | Orc:2    | Killed Sonja
 32346 | Orc:2    | Noticed Erolcha
 32361 | Orc:2    | Killed Erolcha
 32585 | Orc:2    | Found Ciosor's Antique Armour Shoppe.
 32590 | Orc:2    | Found Coiroc's General Store.
 32593 | Orc:2    | Found a staircase to the Elven Halls.
 32657 | Orc:2    | Found a flickering gateway to a bazaar.
 32666 | Bazaar   | Entered a bazaar
 32669 | Bazaar   | Found Homem's Armour Shop.
 32684 | Bazaar   | Found Fered Selo's Book Shop.
 32697 | Bazaar   | Found Borei's General Store.
 32706 | Bazaar   | Found Xecrofeq's Distillery.
 32764 | Bazaar   | Bought a +2 helmet of intelligence for 236 gold pieces
 32776 | Bazaar   | Bought a book of Callings for 300 gold pieces
 32789 | Bazaar   | Bought a potion of magic for 96 gold pieces
 32789 | Bazaar   | Bought a potion of curing for 36 gold pieces
 32789 | Bazaar   | Bought a potion of curing for 36 gold pieces
 32789 | Bazaar   | Bought 2 potions of heal wounds for 120 gold pieces
 32789 | Bazaar   | Bought a potion of resistance for 120 gold pieces
 32789 | Bazaar   | Bought a potion of haste for 120 gold pieces
 33039 | Orc:2    | Bought a spiked leather armour for 224 gold pieces
 33039 | Orc:2    | Identified the +0 leather armour of Cayleul {Rampage rN++
                  | Will- Slay+2} (You bought it in a shop on level 2 of the
                  | Orcish Mines)
 33072 | Orc:2    | Bought a scroll of enchant weapon for 90 gold pieces
 33225 | Orc:2    | Noticed Urug
 33267 | Orc:2    | Killed Urug
 33510 | Orc:2    | Found Faruss's Armour Boutique.
 33511 | Orc:2    | Found Yzurch Ofrigh's Weapon Shop.
 33512 | Orc:2    | Found Upsam's Distillery.
 33515 | Orc:2    | Found Okhlyozou's Distillery.
 33522 | Orc:2    | Bought a potion of curing for 51 gold pieces
 33522 | Orc:2    | Bought a potion of magic for 136 gold pieces
 33522 | Orc:2    | Bought a potion of heal wounds for 85 gold pieces
 33522 | Orc:2    | Bought a potion of curing for 51 gold pieces
 33525 | Orc:2    | Bought a potion of magic for 120 gold pieces
 33525 | Orc:2    | Bought a potion of cancellation for 120 gold pieces
 33525 | Orc:2    | Bought a potion of brilliance for 60 gold pieces
 33525 | Orc:2    | Bought a potion of brilliance for 60 gold pieces
 33530 | Orc:2    | Bought the +7 war axe of Amorality {antimagic, rCorr Dex+3}
                  | for 966 gold pieces
 33983 | Swamp:1  | Entered Level 1 of the Swamp
 34252 | Swamp:1  | Reached XP level 17. HP: 121/136 MP: 32/32
 34443 | Swamp:1  | Paralysed by a hornet for 2 turns
 34445 | Swamp:1  | HP: 9/204 [poisoned by a hornet]
 34445 | Swamp:1  | Slain by a hornet

Illustrated notes

Levels and vault maps discovered:
D:1:      amcnicky_arrival_blooded_trapdoor, layout_basic,
          shapermc_ecumenical_altar_mp_ritualfount, serial_shops,
          nicolae_shop_behind_doors, grunt_decor_arrowhead,
          hangedman_decor_points, minmay_misc_feat_room
D:2:      cheibrodos_fertilizer, layout_basic, grunt_decor_clamped
D:3:      minmay_skewed_foursquare, layout_loops_ring,
          mainiacjoe_overflow_24_doors, serial_shops, nicolae_diamond_shop,
          minmay_misc_feat_alley, uniq_natasha
D:4:      layout_rooms, minmay_distorted, uniq_duvessa
D:5:      layout_gridville, serial_shops, nicolae_shop_advertising_works
          [nicolae_subvault_shop_adworks], nicolae_diamond_shop,
          nicolae_stop_n_shop_2
D:6:      layout_gridville, uniq_maggie
D:7:      kennysheep_slugbush, layout_loops_ring,
          mainiacjoe_overflow_tiny_flanked, minmay_temple_entry_statues_pillars
D:8:      layout_loops_corners, chequers_serial_rivers_marsh
D:9:      nicolae_cairo_tiling_large_dashed, layout_stronghold,
          mainiacjoe_overflow_chevrons, wad_hexagon
D:10:     layout_basic, special_room [special_room_orc]
D:11:     layout_loops_ring, dpeg_lair_monsters, minmay_misc_feat_pillars,
          worldfamousw_hep_ancestral_shrine
D:12:     layout_roguey, hiddenorc1_lemuel, special_room [special_room_orc],
          grunt_ministairs_13, onia_ninara_dug_in_and_dangerous
D:13:     layout_loops_ring, david_vaults_5, hangedman_abyss_or_decor_stagger,
          minmay_statues_item, minivault_16
D:14:     layout_stronghold, nicolae_trove_entry_crossroad, nrook_uturn,
          nicolae_shop_clearance, uniq_kirke
D:15:     gammafunk_depths_entry_grave, layout_cave_pods, columned_hall_lemuel
Temple:   mainiacjoe_temple_bowtie_tessellation
Lair:1:   layout_gridlike, lemuel_fruit_tree
Lair:2:   layout_loops_ring, spider_nest_entry_rubble, gammafunk_ghost_icy
Lair:3:   layout_regular_city, gauntlet_entry_generic, grunt_megastairs_4,
          uniq_nergalle
Lair:4:   layout_roguey, minmay_swamp_entry_swarm, nzn_ghost_randoct,
          kennysheep_catoblepas_arena, serial_bayou_shore_a
Lair:5:   layout_gridlike, beast_lair_carwin_8, infiniplex_staircase_pool_2
Lair:6:   hellmonk_lair_end_abyssal_woods, layout_cave_shapes,
          minmay_slime_entry_eyes, disabler_island
Swamp:1:  nicolae_swamp_long_stream, layout_falls_marsh,
          nicolae_swamp_decorative_isthmus, swamp_pool4, hangedman_swamp_blocks,
          nicolae_swamp_tree_designs
Orc:1:    layout_caves, portal_ice_cave_entry_pillars_1
Orc:2:    st_orc_mages, layout_diamond_mine, serial_shops, bzr_entry_water,
          shop, shop, uniq_urug, uniq_sonja, uniq_erolcha

Skill      XL: |  1  2  3  4  5  6  7  8  9 10 11 12 13 14 15 16 |
---------------+-------------------------------------------------+-----
Invocations    | 1 2 3 4 5 6 7 8 9 10 11 12 | 12.3
Short Blades   | 1 2 3 4 5 6 7 8 9 10 11 | 11.3
Long Blades    | 1 2 3 4 5 6 7 8 9 10 11 | 11.3
Maces & Flails | 1 2 3 4 5 6 7 8 9 10 11 | 11.3
Polearms       | 1 2 3 4 5 6 7 8 9 10 11 | 11.3
Staves         | 1 2 3 4 5 6 7 8 9 10 11 | 11.3
Slings         | 1 2 3 4 5 6 7 8 9 10 11 | 11.3
Bows           | 1 2 3 4 5 6 7 8 9 10 11 | 11.3
Crossbows      | 1 2 3 4 5 6 7 8 9 10 11 | 11.3
Throwing       | 1 2 3 4 5 6 7 8 9 10 11 | 11.3
Armour         | 1 2 3 4 5 6 7 8 9 10 11 | 11.3
Dodging        | 1 2 3 4 5 6 7 8 9 10 11 | 11.3
Stealth        | 1 2 3 4 5 6 7 8 9 10 11 | 11.3
Shields        | 1 2 3 4 5 6 7 8 9 10 11 | 11.3
Unarmed Combat | 1 2 3 4 5 6 7 8 9 10 11 | 11.3
Evocations     | 1 2 3 4 5 6 7 8 9 10 11 | 11.3
Spellcasting   | 3 4 5 6 7 8 9 10 11 | 11.7
Conjurations   | 1 2 3 4 5 6 7 8 9 |  9.5
Hexes          | 1 2 3 4 5 6 7 8 9 |  9.5
Summonings     | 1 2 3 4 5 6 7 8 9 |  9.5
Necromancy     | 1 2 3 4 5 6 7 8 9 |  9.5
Translocations | 1 2 3 4 5 6 7 8 9 |  9.5
Transmutations | 1 2 3 4 5 6 7 8 9 |  9.5
Ice Magic      | 1 2 3 4 5 6 7 8 9 |  9.5
Air Magic      | 1 2 3 4 5 6 7 8 9 |  9.5
Earth Magic    | 1 2 3 4 5 6 7 8 9 |  9.5
Poison Magic   | 1 2 3 4 5 6 7 8 9 |  9.5
Fighting       | 7 8 9 10 11 12 13 | 13.0
Axes           | 7 8 9 10 11 12 13 | 13.0
Fire Magic     | 6 7 8 9 10 11 | 11.0

Action                   |  1- 3 |  4- 6 |  7- 9 | 10-12 | 13-15 | 16-18 || total
-------------------------+-------+-------+-------+-------+-------+-------++-------
Melee: Hand axe          |   114 |   174 |   217 |   461 |       |       ||   966
       Bite              |     7 |    10 |    24 |    78 |   231 |   102 ||   452
       Punch             |     3 |     4 |     4 |       |       |       ||    11
       Flail             |       |       |       |   127 |  1478 |   673 ||  2278
Throw: Javelin           |       |     1 |     5 |     4 |       |       ||    10
       Dart              |       |       |     8 |    19 |    25 |       ||    52
 Cast: Scorch            |     3 |    21 |    92 |   121 |    61 |    12 ||   310
       Stone Arrow       |       |       |       |       |   148 |    33 ||   181
       Poisonous Vapours |       |       |       |       |    39 |       ||    39
       Call Canine Famil |       |       |       |       |     4 |     4 ||     8
       Olgreb's Toxic Ra |       |       |       |       |    15 |    32 ||    47
       Leda's Liquefacti |       |       |       |       |     3 |       ||     3
       Lee's Rapid Decon |       |       |       |       |       |    14 ||    14
       Silence           |       |       |       |       |       |     3 ||     3
Invok: Fiery Armour      |     1 |       |     1 |     7 |       |       ||     9
       Foxfire Swarm     |       |       |     1 |     1 |       |       ||     2
       Rising Flame      |       |       |       |     1 |       |       ||     1
       Potion Petition   |       |       |       |       |     3 |     2 ||     5
       Call Merchant     |       |       |       |       |     1 |       ||     1
 Abil: Evoke Blink       |       |       |       |       |       |     2 ||     2
Evoke: Wand              |       |       |       |     4 |       |       ||     4
       Phantom mirror    |       |       |       |       |     1 |       ||     1
  Use: Scroll            |       |     6 |    13 |    12 |     8 |     5 ||    44
       Potion            |       |       |     3 |     4 |     5 |     2 ||    14
 Stab: Sleeping          |       |     1 |     1 |     5 |     9 |     2 ||    18
       Paralysed         |       |       |       |     4 |       |       ||     4
       Invisible         |       |       |       |       |     4 |       ||     4
       Distracted        |       |       |       |       |     7 |     5 ||    12
       Confused          |       |       |       |       |       |     1 ||     1
Armor: Robe              |     7 |       |       |       |       |       ||     7
       Leather armour    |    11 |    35 |    49 |       |       |       ||    95
       Swamp dragon scal |       |       |    41 |   268 |    46 |       ||   355
       Skin              |       |       |       |    13 |       |       ||    13
       Troll leather arm |       |       |       |       |   345 |       ||   345
       Ring mail         |       |       |       |       |   303 |   233 ||   536
Dodge: Dodged            |    53 |    98 |   129 |   270 |   847 |   310 ||  1707
Block: Kite shield       |       |       |    26 |   298 |   904 |   424 ||  1652
